General information
- name: BNet
- type: Ladder team game (AT/RT)
- host: Battle.net
- saver: Coward
map: DragonFalls
- players: 8
- length: 40:25
- speed: Fast
- version: 1.26 W3XP
- replay type: Public
» download(205 KB)
Players
team 1 (loser)
IllBeBack (
yellow | 27 APM | 1087 actions | 40:23)
6 Blademaster
3 Wind Walk
2 Critical Strike
1 Bladestorm
» actions
| Assign group hotkey | 18 | |
| Basic commands | 11 | |
| Build / train | 62 | |
| Enter build submenu | 39 | |
| Enter hero's abilities submenu | 6 | |
| Give item / drop item | 3 | |
| Right click | 497 | |
| Select / deselect | 211 | |
| Select group hotkey | 102 | |
| Use ability | 138 | |
1087 total
» units
| Peon | 9 | |
| Grunt | 4 | |
| Goblin Shredder | 3 | |
| Goblin Zeppelin | 3 | |
| Troll Batrider | 5 | |
| Green Dragon | 1 | |
25 total
» upgrades
| Ranged Weapons | 3 | |
| Armor | 4 | |
| Reinforced Defenses | 1 | |
| Masonry | 1 | |
| Liquid Fire | 1 | |
| Troll Regeneration | 1 | |
11 total
» buildings
| Orc Burrow | 3 | |
| Altar of Storms | 1 | |
| Barracks | 1 | |
| Voodoo Lounge | 2 | |
| War Mill | 1 | |
| Great Hall | 1 | |
| Stronghold | 1 | |
| Watch Tower | 30 | |
| Fortress | 1 | |
| Beastiary | 6 | |
| Moon Well | 10 | |
57 total
» build order
00:12 Orc Burrow
01:06 Orc Burrow
01:08 Altar of Storms
01:10 Barracks
01:50 Voodoo Lounge
01:53 Voodoo Lounge
02:58 War Mill
04:14 Great Hall
05:43 Stronghold
06:09 Orc Burrow
07:06 Watch Tower
07:07 Watch Tower
07:08 Watch Tower
08:06 Fortress
08:23 Watch Tower
08:25 Watch Tower
08:25 Watch Tower
08:27 Watch Tower
08:29 Watch Tower
08:30 Watch Tower
15:57 Watch Tower
15:58 Watch Tower
15:59 Watch Tower
16:00 Watch Tower
16:00 Watch Tower
18:07 Beastiary
18:10 Beastiary
18:10 Beastiary
20:31 Watch Tower
20:31 Watch Tower
20:32 Watch Tower
20:35 Watch Tower
20:35 Watch Tower
20:37 Watch Tower
20:37 Watch Tower
20:58 Watch Tower
21:01 Watch Tower
21:04 Watch Tower
21:07 Watch Tower
21:10 Watch Tower
21:14 Watch Tower
21:14 Watch Tower
25:28 Beastiary
25:32 Beastiary
25:39 Beastiary
32:24 Moon Well
32:24 Moon Well
32:24 Moon Well
32:25 Moon Well
32:25 Moon Well
32:25 Moon Well
32:26 Moon Well
32:27 Moon Well
32:28 Moon Well
32:29 Moon Well
» items
| Healing Salve | 4 | |
| Scroll of Town Portal | 3 | |
| Lesser Clarity Potion | 2 | |
| Orb of Lightning | 1 | |
| Potion of Mana | 3 | |
| Potion of Healing | 4 | |
17 total

»
omgsasquatch (
blue | 59 APM | 1103 actions | 18:40)
4 Mountain King
2 Storm Bolt
2 Bash
2 Beastmaster
1 Summon Bear
1 Summon Quilbeast
» actions
| Assign group hotkey | 24 | |
| Basic commands | 1 | |
| Build / train | 47 | |
| Enter build submenu | 20 | |
| Enter hero's abilities submenu | 6 | |
| Give item / drop item | 2 | |
| Remove unit from queue | 1 | |
| Right click | 585 | |
| Select / deselect | 174 | |
| Select group hotkey | 203 | |
| Use ability | 40 | |
1103 total
» units
| Peasant | 6 | |
| Footman | 3 | |
| Rifleman | 13 | |
| Goblin Shredder | 1 | |
| Priest | 3 | |
| Sorceress | 3 | |
| Knight | 3 | |
32 total
» upgrades
| Long Rifles | 1 | |
| Gunpowder | 1 | |
| Armor | 1 | |
| Lumber Harvesting | 1 | |
4 total
» buildings
| Altar of Kings | 1 | |
| Farm | 9 | |
| Barracks | 1 | |
| Blacksmith | 1 | |
| Keep | 1 | |
| Town Hall | 2 | |
| Lumber Mill | 1 | |
| Castle | 1 | |
| Arcane Sanctum | 1 | |
18 total
» build order
00:11 Altar of Kings
00:14 Farm
00:57 Farm
01:07 Barracks
01:47 Blacksmith
02:01 Farm
03:34 Farm
04:14 Keep
05:05 Farm
07:21 Town Hall
08:57 Farm
08:58 Farm
09:00 Farm
09:01 Farm
09:33 Lumber Mill
10:38 Castle
10:41 Arcane Sanctum
14:41 Town Hall
JannaLover (
teal | 35 APM | 605 actions | 17:20)
4 Death Knight
2 Death Coil
2 Unholy Aura
» actions
| Assign group hotkey | 13 | |
| Basic commands | 1 | |
| Build / train | 45 | |
| Enter build submenu | 13 | |
| Enter hero's abilities submenu | 4 | |
| Give item / drop item | 1 | |
| Remove unit from queue | 1 | |
| Right click | 191 | |
| Select / deselect | 177 | |
| Select group hotkey | 126 | |
| Use ability | 32 | |
605 total
» units
| Acolyte | 10 | |
| Ghoul | 7 | |
| Crypt Fiend | 5 | |
| Frost Wyrm | 7 | |
| Furbolg Shaman | 1 | |
30 total
» upgrades
» buildings
| Crypt | 1 | |
| Ziggurat | 6 | |
| Altar of Darkness | 1 | |
| Graveyard | 1 | |
| Halls of the Dead | 1 | |
| Sacrificial Pit | 1 | |
| Black Citadel | 1 | |
| Boneyard | 2 | |
14 total
» build order
00:17 Crypt
00:22 Ziggurat
00:51 Altar of Darkness
01:18 Graveyard
01:35 Ziggurat
02:43 Halls of the Dead
05:00 Ziggurat
05:10 Sacrificial Pit
05:15 Black Citadel
07:38 Boneyard
07:39 Boneyard
08:09 Ziggurat
08:11 Ziggurat
08:13 Ziggurat
» items
| Healing Salve | 1 | |
| Lesser Clarity Potion | 2 | |
| Scroll of Speed | 1 | |
| Potion of Mana | 1 | |
5 total

»
OlGnollEye (
red | 34 APM | 604 actions | 17:45)
4 Beastmaster
2 Summon Bear
2 Summon Hawk
» actions
| Assign group hotkey | 2 | |
| Basic commands | 1 | |
| Build / train | 38 | |
| Enter build submenu | 13 | |
| Enter hero's abilities submenu | 4 | |
| Remove unit from queue | 2 | |
| Right click | 338 | |
| Select / deselect | 174 | |
| Use ability | 32 | |
604 total
» units
| Wisp | 10 | |
| Huntress | 5 | |
| Archer | 1 | |
| Satyr Shadowdancer | 1 | |
| Furbolg Shaman | 1 | |
| Thunder Lizard | 1 | |
| Goblin Zeppelin | 2 | |
| Dryad | 6 | |
| Goblin Shredder | 1 | |
28 total
» upgrades
| Abolish Magic | 1 | |
| Strength of the Wild | 1 | |
2 total
» buildings
| Moon Well | 3 | |
| Hunter's Hall | 1 | |
| Ancient of War | 1 | |
| Ancient Protector | 3 | |
| Altar of Elders | 1 | |
| Tree of Ages | 1 | |
| Tree of Eternity | 1 | |
| Ancient of Lore | 1 | |
| Ancient of Wonders | 1 | |
| Ancient of Wind | 1 | |
14 total
» build order
00:21 Moon Well
00:41 Hunter's Hall
01:09 Ancient of War
02:02 Ancient Protector
02:09 Ancient Protector
02:29 Altar of Elders
03:09 Moon Well
04:28 Moon Well
05:33 Tree of Ages
08:18 Tree of Eternity
08:27 Ancient of Lore
09:01 Ancient of Wonders
09:42 Ancient Protector
13:48 Ancient of Wind
team 2 (winner)
Coward (
orange | 67 APM | 2703 actions | 40:25)
6 Blademaster
3 Wind Walk
2 Critical Strike
1 Bladestorm
» actions
| Assign group hotkey | 77 | |
| Basic commands | 368 | |
| Build / train | 131 | |
| ESC pressed | 4 | |
| Enter build submenu | 40 | |
| Enter hero's abilities submenu | 6 | |
| Give item / drop item | 4 | |
| Right click | 891 | |
| Select / deselect | 296 | |
| Select group hotkey | 737 | |
| Use ability | 149 | |
2703 total
» units
| Peon | 16 | |
| Grunt | 3 | |
| Goblin Shredder | 1 | |
| Wind Rider | 11 | |
| Goblin Sapper | 26 | |
57 total
» upgrades
| Berserker Strength | 1 | |
| Pillage | 1 | |
| Armor | 3 | |
| Ranged Weapons | 3 | |
| Reinforced Defenses | 1 | |
| Envenomed Spears | 1 | |
| Spiked Barricades | 3 | |
13 total
» buildings
| Orc Burrow | 10 | |
| Altar of Storms | 1 | |
| Barracks | 1 | |
| Voodoo Lounge | 1 | |
| Great Hall | 1 | |
| Stronghold | 3 | |
| War Mill | 2 | |
| Watch Tower | 18 | |
| Fortress | 3 | |
| Beastiary | 4 | |
44 total
» build order
00:09 Orc Burrow
01:07 Orc Burrow
01:09 Altar of Storms
01:12 Barracks
02:07 Orc Burrow
02:51 Voodoo Lounge
04:04 Great Hall
04:29 Stronghold
04:29 Stronghold
05:53 War Mill
08:15 Watch Tower
09:36 Fortress
09:36 Fortress
09:38 Watch Tower
09:44 Watch Tower
09:45 Watch Tower
09:46 Watch Tower
09:50 Watch Tower
10:22 Beastiary
10:25 Beastiary
13:11 Watch Tower
13:13 Watch Tower
14:39 Orc Burrow
14:40 Orc Burrow
14:51 Orc Burrow
14:56 Watch Tower
14:57 Watch Tower
14:58 Watch Tower
15:01 Watch Tower
15:04 Watch Tower
15:06 Watch Tower
15:14 Orc Burrow
16:49 Watch Tower
17:55 Beastiary
18:01 Beastiary
18:06 Watch Tower
18:08 Watch Tower
18:18 Orc Burrow
18:22 Orc Burrow
19:08 Watch Tower
21:17 Orc Burrow
37:22 War Mill
» items
| Healing Salve | 8 | |
| Lesser Clarity Potion | 4 | |
| Boots of Speed | 1 | |
| Periapt of Vitality | 1 | |
| Staff of Teleportation | 1 | |
| Scroll of Town Portal | 3 | |
| Orb of Lightning | 1 | |
| Potion of Mana | 1 | |
20 total
747576 (
purple | 57 APM | 2291 actions | 40:24)
4 Blademaster
2 Critical Strike
1 Wind Walk
1 Mirror Image
» actions
| Assign group hotkey | 38 | |
| Basic commands | 28 | |
| Build / train | 71 | |
| Enter build submenu | 17 | |
| Enter hero's abilities submenu | 4 | |
| Give item / drop item | 5 | |
| Right click | 866 | |
| Select / deselect | 349 | |
| Select group hotkey | 817 | |
| Use ability | 96 | |
2291 total
» units
| Peon | 10 | |
| Grunt | 12 | |
| Troll Witch Doctor | 7 | |
| Shaman | 5 | |
| Tauren | 3 | |
37 total
» upgrades
| Pillage | 1 | |
| Berserker Strength | 1 | |
| Melee Weapons | 3 | |
| Armor | 2 | |
| Witch Doctor Training | 2 | |
| Shaman Training | 2 | |
| Reinforced Defenses | 1 | |
| Spiked Barricades | 1 | |
| Pulverize | 1 | |
14 total
» buildings
| Orc Burrow | 8 | |
| Altar of Storms | 1 | |
| Barracks | 1 | |
| Voodoo Lounge | 1 | |
| Stronghold | 1 | |
| War Mill | 1 | |
| Fortress | 1 | |
| Spirit Lodge | 2 | |
| Tauren Totem | 2 | |
18 total
» build order
00:13 Orc Burrow
00:15 Orc Burrow
00:20 Altar of Storms
00:23 Barracks
01:19 Voodoo Lounge
02:19 Orc Burrow
02:37 Orc Burrow
04:44 Stronghold
05:57 War Mill
06:00 Orc Burrow
06:48 Orc Burrow
07:23 Fortress
07:44 Spirit Lodge
07:56 Spirit Lodge
08:24 Orc Burrow
09:55 Tauren Totem
09:59 Tauren Totem
13:31 Orc Burrow
» items
| Healing Salve | 2 | |
| Scroll of Speed | 4 | |
| Potion of Healing | 2 | |
| Lesser Clarity Potion | 1 | |
| Orb of Lightning | 1 | |
| Scroll of Town Portal | 2 | |
| Staff of Teleportation | 1 | |
13 total

»
plokjijij (
pink | 55 APM | 2222 actions | 40:23)
5 Archmage
2 Summon Water Elemental
3 Brilliance Aura
4 Blood Mage
2 Flame Strike
1 Siphon Mana
1 Banish
1 Paladin
1 Holy Light
» actions
| Assign group hotkey | 30 | |
| Basic commands | 30 | |
| Build / train | 151 | |
| Enter build submenu | 40 | |
| Enter hero's abilities submenu | 10 | |
| Give item / drop item | 8 | |
| Right click | 664 | |
| Select / deselect | 284 | |
| Select group hotkey | 856 | |
| Use ability | 149 | |
2222 total
» units
| Peasant | 25 | |
| Satyr Shadowdancer | 6 | |
| Furbolg Shaman | 6 | |
| Footman | 1 | |
| Goblin Zeppelin | 2 | |
| Goblin Shredder | 3 | |
| Thunder Lizard | 3 | |
| Gryphon Rider | 10 | |
| Dragonhawk Rider | 2 | |
| Green Dragon Whelp | 2 | |
| Green Drake | 1 | |
| Flying Machine | 6 | |
67 total
» upgrades
| Masonry | 2 | |
| Swords | 3 | |
| Storm Hammers | 1 | |
| Animal War Training | 1 | |
| Cloud | 1 | |
8 total
» buildings
| Altar of Kings | 1 | |
| Farm | 10 | |
| Lumber Mill | 1 | |
| Scout Tower | 12 | |
| Arcane Vault | 1 | |
| Arcane Tower | 2 | |
| Guard Tower | 5 | |
| Town Hall | 2 | |
| Keep | 2 | |
| Barracks | 1 | |
| Blacksmith | 1 | |
| Gryphon Aviary | 3 | |
| Castle | 3 | |
| Workshop | 4 | |
48 total
» build order
00:08 Altar of Kings
00:13 Farm
00:29 Lumber Mill
01:00 Farm
01:18 Scout Tower
01:30 Arcane Vault
01:48 Scout Tower
02:03 Arcane Tower
02:25 Guard Tower
03:33 Town Hall
04:06 Scout Tower
04:42 Guard Tower
04:45 Scout Tower
05:26 Keep
05:46 Barracks
05:48 Blacksmith
06:23 Guard Tower
06:27 Farm
07:07 Farm
07:34 Farm
08:33 Gryphon Aviary
08:34 Gryphon Aviary
08:35 Gryphon Aviary
08:38 Farm
09:14 Castle
09:14 Castle
09:44 Farm
11:32 Scout Tower
11:35 Scout Tower
16:04 Guard Tower
17:34 Town Hall
17:35 Scout Tower
17:36 Farm
17:50 Scout Tower
18:05 Scout Tower
18:09 Scout Tower
18:12 Scout Tower
19:01 Guard Tower
19:03 Scout Tower
20:15 Arcane Tower
24:00 Workshop
24:03 Workshop
24:06 Workshop
24:08 Workshop
24:11 Farm
25:08 Farm
» items
| Lesser Clarity Potion | 4 | |
| Scroll of Regeneration | 8 | |
| Boots of Speed | 1 | |
| Staff of Teleportation | 1 | |
| Circlet of Nobility | 2 | |
| Scroll of Town Portal | 5 | |
| Potion of Mana | 5 | |
| Potion of Healing | 5 | |
| Scroll of Healing | 2 | |
| Scroll of Protection | 2 | |
| Potion of Lesser Invulnerability | 1 | |
| Potion of Invisibility | 1 | |
| Orb of Fire | 2 | |
| Staff of Sanctuary | 1 | |
40 total
Wanderson.Cruz (
green | 45 APM | 1807 actions | 40:23)
5 Mountain King
3 Storm Bolt
2 Thunder Clap
4 Blood Mage
2 Flame Strike
2 Siphon Mana
3 Paladin
2 Holy Light
1 Devotion Aura
» actions
| Assign group hotkey | 19 | |
| Build / train | 85 | |
| Enter build submenu | 19 | |
| Enter hero's abilities submenu | 12 | |
| Give item / drop item | 3 | |
| Remove unit from queue | 1 | |
| Right click | 1225 | |
| Select / deselect | 317 | |
| Select group hotkey | 38 | |
| Use ability | 88 | |
1807 total
» units
| Peasant | 14 | |
| Rifleman | 6 | |
| Priest | 2 | |
| Sorceress | 1 | |
23 total
» upgrades
| Gunpowder | 3 | |
| Swords | 1 | |
| Masonry | 1 | |
| Long Rifles | 1 | |
| Plating | 1 | |
| Priest Training | 2 | |
| Magic Sentry | 1 | |
| Lumber Harvesting | 1 | |
11 total
» buildings
| Farm | 14 | |
| Altar of Kings | 1 | |
| Barracks | 1 | |
| Arcane Vault | 2 | |
| Blacksmith | 2 | |
| Lumber Mill | 1 | |
| Keep | 1 | |
| Castle | 1 | |
| Arcane Sanctum | 1 | |
| Scout Tower | 4 | |
| Guard Tower | 2 | |
30 total
» build order
00:20 Farm
01:30 Altar of Kings
01:33 Farm
01:39 Barracks
01:49 Arcane Vault
01:58 Farm
02:06 Farm
02:28 Blacksmith
02:33 Blacksmith
03:23 Farm
03:54 Arcane Vault
04:10 Farm
04:38 Lumber Mill
05:12 Keep
08:30 Castle
08:40 Arcane Sanctum
08:50 Farm
09:25 Farm
16:06 Scout Tower
16:07 Scout Tower
16:08 Scout Tower
16:10 Scout Tower
17:27 Guard Tower
18:12 Guard Tower
18:15 Farm
18:16 Farm
18:16 Farm
18:17 Farm
18:18 Farm
18:19 Farm
» items
| Lesser Clarity Potion | 5 | |
| Scroll of Regeneration | 6 | |
| Boots of Speed | 1 | |
| Scroll of Town Portal | 4 | |
| Orb of Fire | 1 | |
| Orb of Lightning | 1 | |
| Dust of Appearance | 1 | |
19 total
Chat log
(00:47 / Allies) plokjijij: hero rush?
(00:50 / Allies) Coward: no ty
(03:26 / Allies) 747576: wolf
(04:32 / Allies) Coward: ty
(06:15 / All) IllBeBack: I playin bad
(09:55 / Allies) plokjijij: red
(10:07 / Allies) 747576: use gold oj
(10:39 / Allies) Wanderson.Cruz: gold anyone
(11:15 / Allies) 747576: meet
(13:52 / Allies) plokjijij: green go red
(13:54 / Allies) plokjijij: force them tp
(14:17 / All) Coward: rape
(15:27 / All) IllBeBack: oh shit
(15:29 / All) IllBeBack: how'd my hero die
(15:38 / All) IllBeBack: was alt tabbed lol
(15:51 / Allies) Wanderson.Cruz: hit pink
(21:39 / Allies) Wanderson.Cruz: yoo dude
(21:45 / All) Coward: purple tk
(21:54 / Allies) Wanderson.Cruz: what fuck coward
(22:02 / Allies) Coward: what did you just call me you little bitch?
(22:05 / All) Coward: purple is a tk
(22:08 / All) Coward: just attacked my army
(22:10 / Allies) 747576: oj u son of bitch
(22:11 / Allies) Wanderson.Cruz: shut up coward
(22:17 / Allies) Wanderson.Cruz: u so stupid
(22:18 / Allies) 747576: such like a girl
(22:18 / All) Coward: and my other allies keep insulting me
(22:20 / Allies) Wanderson.Cruz: ignorant
(22:26 / All) Coward: You got lucky yellow
(22:30 / All) Coward: My team's all noobs
(22:46 / Allies) Wanderson.Cruz: ignorat stupid
(22:49 / Allies) Wanderson.Cruz: fuck kid
(22:56 / Allies) Coward: time to die noobie
(23:15 / Allies) Wanderson.Cruz: i all night noob
(23:21 / Allies) Coward: me all night too
(23:24 / Allies) Wanderson.Cruz: have a good nigth
(23:27 / Allies) Coward: you die all night
(23:29 / Allies) Coward: I tk you all night
(23:31 / Allies) Wanderson.Cruz: i win that game
(23:34 / Allies) Coward: I win this game son
(23:34 / Allies) Wanderson.Cruz: take u time
(23:35 / Allies) Coward: you lose
(23:43 / Allies) Coward: you lose bitch
(25:54 / Allies) Coward: copters not good vs allies btw
(25:55 / Allies) Coward: no flak
(26:04 / Allies) Coward: trust me I'm experiencedk illing noob allies
(28:29 / Allies) Coward: You lose noobies
(28:35 / Allies) Coward: HASTA LA VISTA, BABIES!
(28:38 / Allies) 747576: u are bitch
(28:44 / Allies) 747576: like a girl
(28:47 / Allies) Coward: You're a loser
(28:56 / Allies) 747576: no u are loser
(29:01 / Allies) Coward: nah you're the loser man
(29:03 / Allies) 747576: be shame
(29:04 / Allies) Coward: my tk succeeds
(29:12 / Allies) Coward: my tk wins
(29:15 / Allies) 747576: no u loser
(29:24 / Allies) 747576: if u dont know why
(29:26 / Allies) Coward: your anger is clouding your judgement, I'm clearly the victor
(29:30 / Allies) Coward: take a chill pill, no problemo
(29:31 / Allies) 747576: u are kid girl
(29:36 / Allies) 747576: keep going
(29:39 / Allies) 747576: show me end
(29:42 / Allies) Coward: I'm victorious, you're the loser
(30:03 / Allies) 747576: kid plz show me end
(30:11 / Allies) 747576: u are stone head
(30:47 / Allies) 747576: u are so slow man
(30:54 / Allies) Coward: only so many buildings I can attack at once
(30:56 / Allies) 747576: plz make it quick
(30:58 / Allies) 747576: plz
(31:05 / Allies) 747576: show me end
(31:06 / Allies) Coward: make it easy on me then
(31:09 / Allies) Coward: help me kill shit with your units
(31:12 / Allies) 747576: more quickly
(31:27 / Allies) 747576: so slow stone head
(31:28 / Allies) Wanderson.Cruz: you are a sad person! beloved bad! neglected. perturbed by playing
(31:39 / Allies) 747576: stone head show me end quickly
(31:43 / All) Coward: Green says I'm neglected, perturbed and beloved bad
(31:44 / Allies) Wanderson.Cruz: a simple game. you do not have this life with hate yourself for living
(31:45 / Allies) 747576: hurry up
(31:49 / All) Coward: and purple says I'm a stone head
(31:56 / All) Coward: These are some wacky insults
(31:59 / Allies) Wanderson.Cruz: i pity u dude
(32:02 / Allies) Coward: where are you all from?
(32:13 / Allies) 747576: need no more words
(32:25 / Allies) Coward: are you all from great south american countries?
(32:27 / Allies) 747576: simply show us end quickly stone head
(32:33 / Allies) 747576: u are so slow
(32:34 / All) IllBeBack: fucking slacker
(32:40 / Allies) 747576: son of bitch
(32:47 / Allies) Coward: purple where are you from?
(32:58 / Allies) Coward: judging by you losing your hero twice to creeps and the quality of your english and insults
(33:01 / Allies) Coward: I'd guess brazil
(33:19 / Allies) Coward: are you brasil, purple?
(33:32 / Allies) 747576: why run
(33:44 / Allies) Coward: it's called micro, I know it's not something on your level to know of
(33:55 / Allies) 747576: keep going
(34:00 / Allies) 747576: we see u
(34:06 / Allies) 747576: stone head hurry up
(34:06 / Allies) Coward: you sound like a bitch
(34:10 / All) Coward: "keep going, hurry up"
(34:12 / Allies) 747576: u are so slow
(34:13 / Allies) Wanderson.Cruz: It should be despised by family
(34:22 / Allies) Coward: tking in wc3?
(34:27 / Allies) Coward: do you talk to your family about your war3 matches?
(34:38 / Allies) 747576: dont rest
(34:41 / All) Coward: Green talks about wc3 to his mom
(34:41 / Allies) 747576: son of bitch
(34:46 / Allies) Wanderson.Cruz: should have little dick
(34:47 / All) Coward: he says it should be shamed by family for what I'm doing
(34:50 / Allies) 747576: dont rest
(34:52 / All) Coward: and that I have a small cock
(35:15 / Allies) 747576: stone head u so slow fucker
(35:50 / All) IllBeBack: I was alt tabbed most of game and still 1v4 winning
(35:52 / All) 747576: yellow wait a moment ur stone head so slow fucker
(35:54 / All) IllBeBack: green and pink cost you guys the game
(35:57 / All) Coward: You got lucky yellow
(36:01 / All) Coward: my team is all shithead spics
(36:03 / All) IllBeBack: purple was even worse
(36:10 / All) IllBeBack: you guys neverhad a chance with purple
(36:16 / All) IllBeBack: 1v4 with hero only alt tabbed
(36:17 / All) IllBeBack: PATHETIC
(36:28 / Allies) 747576: yellow last match coming
(36:36 / Allies) 747576: u have to fight with oj
(36:39 / Allies) Coward: wrong chat
(36:45 / Allies) Coward: press shift before you hit enter
(36:49 / Allies) Coward: it lets you talk to the enemy players
(36:50 / Allies) 747576: i know whatever
(37:28 / Allies) Coward: pink, green
(37:31 / Allies) Coward: either of you still here?
(37:49 / Allies) 747576: we want to see end stone head
(38:05 / Allies) 747576: keep going fucker
(38:27 / Allies) Coward: are you having as much fun as I am, purple?
(38:30 / Allies) Coward: I enjoyed this game
(38:35 / All) 747576: what is next stone head
(38:46 / All) Coward: 236-263 purple LOL
(39:18 / Allies) Coward: purple where are you from?
(39:23 / Allies) 747576: hahah realy realy stone head here
(39:32 / All) Coward: I'm realy realy stone head
(39:39 / All) Coward: purple has unique insults
(39:40 / Allies) 747576: yea
(39:41 / All) IllBeBack: YOU ARE TERMINATED
(39:53 / Allies) 747576: keep going fucker
(39:59 / All) Coward: Not long left purple
(40:03 / All) Coward: until YOU ARE TERMINATED!
(40:06 / Allies) 747576: dont rest
(40:17 / Allies) 747576: so slow